← All builds
Pond / Armada / Economy first / OBSERVED BUILD

Standard pond

Standard Pond play: fast Bot Lab and early boosting into Advanced Metal Extractor, sending Tick/Pawn/Blitz to front while tidal-boosting allies throughout.

#eco #team support · 448 distinct matches · 96 players · 59% of Armada Pond games · team won 50% of 510 · Recently observed

HOW TO PLAY IT

Key timing: Bot Lab by 5:42

  1. Open tidal, then wind to start boosting front's economy.
  2. Take mex and keep boosting wind or tidal depending on front's needs.
  3. Get a Bot Lab up, start sending Tick and Pawn to front.
  4. Add Advanced Metal Extractor to scale up team's economy.
  5. Switch to tick spam if enemy reaches T2 front before you do.

Phase by phase

TYPICAL OF ITS 448 GAMES
  1. 1
  2. 2
PLAY THE OPENING

Follow the example game's first 6:00 step by step: what to build now, what comes next, and where it goes. At 1× it keeps pace with your own game.

  1. 1

    Up to the Bot Lab

    Economy
    • Metal Extractor4Mex
    • Wind Turbine10Wind
    • Tidal Generator8Tidalfor allies
    • Tidal Generator1Tidal
    • Energy Storage1Energy storage
    Order
    1. Bot LabBot Lab after 4 mex, 10 wind, 1 energy storagedone ~5:40, middle half 3:31–7:01

    Some games also: converter (44%)

    By 5:10 in all: 4 mex · 10 wind · 1 tidal · 1 energy storage

    The example game in this phase · 17 steps
    1. Tidal ×2for Suicide front
    2. Tidal
    3. Tidal ×5for Suicide front
    4. Tidal
    5. Tidal ×2for Beach sea
    6. Tidal
    7. Mex ×3
    8. Wind
    9. Mex
    10. Wind ×5
    11. Energy storage
    12. Converter ×4
    13. Wind ×5
    14. Energy storage
    15. Con turret
    16. Converter ×3
    17. Bot LabBot Labdone 6:33 · typical 5:40
  2. 2

    Bot Lab to 10:00

    Economy
    • Wind Turbine16Wind
    Builders
    • Construction Turret1 Con turret
    • Construction Bot2 Con bot

    Some games also: tick (49%) · Lazarus (48%) · converter (43%)

    By 10:00 in all: 4 mex · 31 wind · 1 tidal · 4 converter · 1 energy storage · 2 con turret

    The example game in this phase · 70 steps
    1. Converter
    2. TickTick ×2
    3. Wind
    4. TickTick ×6
    5. Wind
    6. TickTick ×2
    7. Wind
    8. TickTick
    9. Wind
    10. TickTick ×2
    11. Wind
    12. TickTick ×2
    13. Wind
    14. TickTick ×4
    15. Con turret
    16. TickTick ×10
    17. Advanced Metal ExtractorT2 mexdone 10:46 · typical 9:56
    18. TickTick ×8
    19. Wind
    20. TickTick ×5
    21. Wind
    22. TickTick
    23. Wind
    24. TickTick ×2
    25. Wind
    26. TickTick
    27. Wind
    28. TickTick ×2
    29. NettleNettle
    30. TickTick ×2
    31. NettleNettle
    32. TickTick
    33. NettleNettle
    34. TickTick
    35. NettleNettle
    36. Wind
    37. TickTick ×2
    38. Wind
    39. TickTick
    40. Wind
    41. TickTick
    42. Advanced Metal ExtractorT2 mex
    43. TickTick ×9
    44. Advanced Metal ExtractorT2 mex
    45. TickTick ×2
    46. Con turret
    47. TickTick ×3
    48. Con turret
    49. TickTick ×5
    50. Bot LabBot Labdone 12:02
    51. TickTick ×18
    52. Advanced Metal ExtractorT2 mex
    53. TickTick ×6
    54. Con turret
    55. TickTick ×29
    56. Con turret
    57. TickTick ×11
    58. Wind
    59. TickTick ×4
    60. Wind
    61. TickTick ×3
    62. Wind
    63. PawnPawn ×2
    64. Wind
    65. PawnPawn ×2
    66. Fusion ReactorFusionnot finished by 15:00
    67. Wind
    68. PawnPawn ×2
    69. Wind
    70. PawnPawn ×2

Counts are medians over the build's games: half of them build more, half fewer. The example game is [Grump]Matsuri's (41 OS, 20/09/2026); pick another.

Team trades

IN AT LEAST 30% OF ITS GAMES

You hand over

  • Tidal Generator8 Tidal to Suicide front or Frontfirst at 0:10 · in 90% of games

You get

  • Hercules1 Light transport from Air or Techfirst at 4:26 · in 31% of games
  • Hephaestus1 Heavy transport from Air or Techfirst at 4:41 · in 38% of games
  • Fatboy1 Fatboy from Techfirst at 4:59 · in 40% of games
  • Sharpshooter2 Sniper bot from Techfirst at 5:15 · in 42% of games
  • Advanced Construction Bot1 T2 con bot from Techfirst at 8:17 · in 92% of games

How it plays out

Typical game of this build, running totals by minute

Metal produced

010k20k
0:005:0010:0015:00

metal

Enemy metal destroyed

02k4k6k
0:005:0010:0015:00

metal

Own metal lost

02k4k
0:005:0010:0015:00

metal

510 games.

Show as table
ByMetal produced: This buildEnemy metal destroyed: This buildOwn metal lost: This build
1:0011500
2:0027300
3:0081700
4:00151000
5:00223100
6:00298500
7:0038414800
8:0047421276148
9:0056932025379
10:0068722865720
11:00833433171188
12:001029036841616
13:001259342621966
14:001491447802454
15:001745653243030
WHAT THE NUMBERS SAY

This is the role's standard support job, winning slightly under half its games while contributing modest kills for modest losses.

  • + Keeps own losses fairly low relative to kills (2827 destroyed vs 756 lost by 10:00).
  • + Reaches T2 constructor reliably (89% of games) by 8:10.
  • − Metal production trails other roles at 6855 by 10:00.
  • − No kills registered by 5:00, slow to impact the fight.
THE EXAMPLE YOU ARE READING

[Grump]Matsuri

40.5 OS · 20/09/2026

Open source match ↗

53 received units · includes a constructor
2873 metal received · 57831 energy received

Allied construction assistance is unknown. Timings are observations, not a promise of solo reproducibility.

Typical milestones

Bot Lab5:40Middle 50%: 3:31–7:01 · n=459
Advanced Metal Extractor9:56Middle 50%: 9:01–10:38 · n=460

Played most by

Viltrum41games of this buildTeaner35games of this buildUsurpeR24games of this buildzeus_on_god24games of this buildRogShotz20games of this build